 Dungeon Crawl Stone Soup version 0.29-a0-542-g075992c915 (webtiles) character file.

Game seed: 7394837632244507391

2054 freelancePsychic the Covert (level 9, 0/61 HPs)
             Began as an Octopode Conjurer on June 4, 2022.
             Was an Initiate of Gozag.
             Slain by an ice beast (7 damage)
             ... on level 8 of the Dungeon.
             The game lasted 00:14:59 (10358 turns).

freelancePsychic the Covert (Octopode Conjurer)    Turns: 10358, Time: 00:15:00

Health: 0/61       AC:  1    Str:  6    XL:     9   Next: 25%
Magic:  6/16       EV: 13    Int: 24    God:    Gozag
Gold:   704        SH:  0    Dex: 11    Spells: 7/18 levels left

rFire   + . .      SeeInvis .   s - staff of fire
rCold   . . .      Faith    .   (no shield)
rNeg    . . .      Spirit   .   (helmet restricted)
rPois   .          Reflect  .   (no amulet)
rElec   .          Harm     .   c - ring of flight
rCorr   .          Rampage  .   (no ring)
Will    .....                   (no ring)
Stlth   +++++.....              (no ring)
HPRegen 0.20/turn               (no ring)
MPRegen 0.15/turn               (no ring)
                                (no ring)
                                (no ring)

@: about to teleport, flying, very slightly contaminated, slowed, very slow
A: almost no armour, amphibious, 8 rings, camouflage 1, gelatinous body 1,
(nimble swimmer 1), tentacles
a: Renounce Religion, Potion Petition, Call Merchant, Bribe Branch


You were on level 8 of the Dungeon.
You worshipped Gozag.
Gozag was pleased with you.
You visited 2 branches of the dungeon, and saw 9 of its levels.

You collected 790 gold pieces.
You paid 86 gold pieces to Gozag.

Inventory:

Hand Weapons
 q - a +0 quarterstaff
Missiles
 f - 5 poisoned darts
Magical Staves
 s - a staff of fire (weapon)
 w - a staff of cold
Jewellery
 c - a ring of flight (left tentacle)
 B - an amulet of regeneration
Wands
 g - a wand of flame (21)
 u - a wand of mindburst (10)
 v - a wand of digging (7)
 A - a wand of acid (9)
Scrolls
 a - a scroll of torment {unknown}
 l - a scroll of enchant weapon
 n - 2 scrolls of summoning
 o - a scroll of fog
 p - a scroll of noise
 r - a scroll of enchant armour
 t - a scroll of magic mapping
 x - a scroll of vulnerability
Potions
 b - a potion of brilliance
 d - a potion of mutation
 e - 2 potions of curing {@q1}
 h - 2 potions of haste {unknown}
 i - 2 potions of heal wounds {unknown}
 j - a potion of attraction {unknown}
 k - a potion of flight {unknown}
 m - 3 potions of degeneration {unknown}
 z - a potion of might {unknown}


   Skills:
 + Level 5.5 Fighting
 - Level 3.0 Dodging
 - Level 10.0 Stealth
 - Level 5.0 Spellcasting
 * Level 5.9 Conjurations
 - Level 3.0 Hexes
 * Level 0.5 Translocations


You had 7 spell levels left.
You knew the following spells:

 Your Spells              Type           Power      Damage    Failure   Level
a - Magic Dart            Conj           100%       1d8       1%          1
b - Searing Ray           Conj           68%        2d6       1%          2
d - Fulminant Prism       Conj/Hex       13%        3d9       14%         4
f - Iskenderun's Mystic   Conj/Tloc      21%        2d6       22%         4

Your spell library contained the following spells:

 Spells                   Type           Power      Damage    Failure   Level
 Dazzling Flash           Conj/Hex       54%        N/A       4%          3
 Sublimation of Blood     Necr           6%         N/A       13%         2
 Wereblood                Tmut           6%         N/A       13%         2
 Anguish                  Hex/Necr       6%         N/A       43%         4
 Enfeeble                 Hex            10%        N/A       100%        7
 Summon Hydra             Summ           3%         N/A       100%        7


Dungeon Overview and Level Annotations

Branches:
Dungeon (8/15)             Temple (1/1) D:4
   Lair: D:8-11

Altars:
Ashenzari
Cheibriados
Dithmenos
Elyvilon
Fedhas
Gozag
Hepliaklqana
Kikubaaqudgha
Makhleb
Nemelex Xobeh
Okawaru
Qazlal
Ru
Sif Muna
Trog
Uskayaw
Vehumet
Wu Jian
Xom
Yredelemnul
Zin
The Shining One

Annotations:
D:6 Pikel
D:7 2 transporters, om's ghost, novice OpTm


Innate Abilities, Weirdness & Mutations

You cannot wear most types of armour.
You are amphibious.
You can wear up to eight rings at the same time.
Your skin changes colour to match your surroundings (Stealth+).
Your rubbery body absorbs attacks. (AC +1, EV +1)
((You are camouflaged when in or above water. (Stealth+)))
You have tentacles for arms and can constrict up to eight enemies at once.


Message History

The searing ray hits the ice beast!
The ice beast is moderately wounded. (Press . to maintain the ray.)
The searing ray hits the ice beast.
The ice beast is heavily wounded.
The bullfrog gives a loud, deep croak!
You hear a shout!
Casting: Searing Ray (safe; 1% risk of failure)
Confirm with . or Enter, or press ? or * to list all spells.
Okay, then.
Casting: Searing Ray (safe; 1% risk of failure)
Confirm with . or Enter, or press ? or * to list all spells.
Aiming: Fulminant Prism (dangerous; 14% risk of failure)
Press: ? - help, Dir - move target, p - ice beast You miscast Fulminant Prism.
You are very lightly contaminated with residual magic.
You feel enfeebled.
You feel yourself slow down. The ice beast barely misses you.
Casting: Fulminant Prism (dangerous; 14% risk of failure)
Confirm with . or Enter, or press ? or * to list all spells.
Aiming: Fulminant Prism (dangerous; 14% risk of failure)
Press: ? - help, Dir - move target You miscast Fulminant Prism.
You feel a strange surge of energy! The bullfrog hits you.
The bullfrog hits you but does no damage.
The ice beast barely misses you. The bullfrog closely misses you.
A killer bee comes into view.
As you read the scroll of teleportation {@r4}, it crumbles to dust.
You feel strangely unstable. The bullfrog hits you. The ice beast hits you.
The ice beast freezes you! The bullfrog hits you. The ice beast hits you.
The ice beast freezes you!
* * * LOW HITPOINT WARNING * * *
An orc comes into view. It is wielding a +0 club.
The bullfrog hits you.
* * * LOW HITPOINT WARNING * * *
The ice beast hits you.
* * * LOW HITPOINT WARNING * * *
The ice beast freezes you!
You die...
Your body crumbles into a pile of gold.

...........# ..
.........######### ..
.........# #.....# ...
.........###.....# ##...
.................##.....
..#....................y
. #...................#
...#...............##
...#..........@F...#
...........####Y...#
....#.....# #....#
....#.....# ......o.
#..... ........# ...
.........# .........#
#####.....#


You could see an ice beast, a bullfrog and an orc.

Vanquished Creatures
  A steam dragon (D:7)
  Menkaure (D:7)
  A water moccasin (D:5)
  An orc warrior (D:7)
  A sky beast (D:7)
  An ice beast (D:6)
  A black bear (D:6)
  An ogre (D:5)
  2 phantoms
  2 lemures (D:6)
  A bullfrog (D:7)
  A necrophage (D:8)
  4 scorpions
  3 killer bees (D:7)
  A howler monkey (D:7)
  2 hounds (D:5)
  2 orc priests
  2 iguanas
  6 orc wizards
  Robin (D:2)
  6 adders
  3 gnolls (D:3)
  An ufetubus (D:6)
  2 worms
  4 dart slugs
  14 orcs
  6 ball pythons
  5 bats
  4 endoplasms
  3 giant cockroaches
  11 goblins
  17 hobgoblins
  3 jackals
  4 kobolds
  2 quokkas
  5 frilled lizards
  6 rats
131 creatures vanquished.

Vanquished Creatures (collateral kills)
  A killer bee (D:7)
1 creature vanquished.

Vanquished Creatures (others)
  2 killer bees (D:7)
  2 plants (D:4)
4 creatures vanquished.

Grand Total: 136 creatures vanquished

Notes
Turn   | Place    | Note
-------+----------+-------------------------------------------
     0 | D:1      | freelancePsychic the Octopode Conjurer began the quest for
                  | the Orb.
     0 | D:1      | Reached XP level 1. HP: 11/11 MP: 3/3
    41 | D:1      | Found a faded altar of an unknown god.
   258 | D:1      | Reached skill level 3 in Stealth
   288 | D:1      | Reached XP level 2. HP: 11/17 MP: 0/5
   432 | D:1      | Learned a level 2 spell: Searing Ray
  1469 | D:2      | Reached XP level 3. HP: 17/21 MP: 2/6
  1600 | D:2      | Noticed Robin
  2049 | D:2      | Reached skill level 4 in Stealth
  2412 | D:2      | Reached XP level 4. HP: 27/27 MP: 4/8
  2414 | D:2      | Killed Robin
  2856 | D:3      | Reached XP level 5. HP: 7/31 MP: 1/9
  3604 | D:3      | Reached skill level 5 in Stealth
  3900 | D:3      | Reached skill level 1 in Fighting
  4617 | D:4      | Found a snail-covered altar of Cheibriados.
  4721 | D:4      | Reached XP level 6. HP: 30/39 MP: 5/11
  5276 | D:4      | Found a staircase to the Ecumenical Temple.
  5433 | Temple   | Entered the Ecumenical Temple
  5649 | Temple   | Became a worshipper of Gozag Ym Sagoz the Greedy
  5847 | D:5      | Entered Level 5 of the Dungeon
  5902 | D:5      | Reached skill level 6 in Stealth
  5915 | D:5      | Reached XP level 7. HP: 39/45 MP: 2/13
  6587 | D:5      | Reached skill level 7 in Stealth
  6643 | D:5      | HP: 2/47 [poisoned by a water moccasin]
  7364 | D:6      | Reached XP level 8. HP: 54/54 MP: 9/15
  7451 | D:6      | Reached skill level 5 in Spellcasting
  7519 | D:6      | Reached skill level 8 in Stealth
  8078 | D:6      | Noticed Pikel
  8493 | D:7      | Reached skill level 5 in Fighting
  8647 | D:7      | Reached skill level 9 in Stealth
  9157 | D:7      | Found a transporter.
  9157 | D:7      | Found a transporter.
  9157 | D:7      | Noticed om's ghost (novice OpTm)
  9160 | D:7      | Noticed a slime creature
  9163 | D:7      | Reached skill level 10 in Stealth
  9167 | D:7      | Noticed Menkaure
  9174 | D:7      | Killed Menkaure
  9175 | D:7      | Reached skill level 5 in Conjurations
  9175 | D:7      | Reached skill level 1 in Hexes
  9188 | D:7      | Reached XP level 9. HP: 18/61 MP: 13/16
 10067 | D:7      | Learned a level 4 spell: Fulminant Prism
 10072 | D:7      | Learned a level 4 spell: Iskenderun's Mystic Blast
 10358 | D:8      | Slain by an ice beast

Illustrated notes

Levels and vault maps discovered:
D:1:      spicycebolla_arrival_xxxplode, layout_loops_corners,
          basic_ecumenical_altar
D:2:      layout_loops_ring, uniq_robin
D:3:      layout_basic, small_statue_alley_b
D:4:      layout_cave_pods, mainiacjoe_overflow_cross_hatched,
          minmay_temple_entry_mist
D:5:      layout_basic, grunt_decor_one_mirror, st_stairs_7
D:6:      layout_basic, uniq_pikel
D:7:      layout_loops_corners, gammafunk_ghost_arena, uniq_menkaure
D:8:      layout_basic, lair_entry_dummy
Temple:   roderic_octagonal_lattice_temple

Skill      XL: |  1  2  3  4  5  6  7  8  9 |
---------------+----------------------------+-----
Stealth        | 3 4 5 6 7 10 | 10.0
Spellcasting   | 3 4 5 |  5.0
Fighting       | 1 2 4 5 |  5.5
Conjurations   | 5 |  5.9
Hexes          | 2 3 |  3.0
Dodging        | 3 |  3.0
Translocations | |  0.5

Action                   |  1- 3 |  4- 6 |  7- 9 || total
-------------------------+-------+-------+-------++-------
Melee: Unarmed           |    10 |     4 |       ||    14
       Constrict         |     2 |     3 |       ||     5
       Tentacles         |     2 |     4 |       ||     6
       Quarterstaff      |       |     4 |       ||     4
 Cast: Magic Dart        |    13 |       |       ||    13
       Searing Ray       |    30 |    43 |    54 ||   127
Evoke: Wand              |       |     1 |     3 ||     4
  Use: Scroll            |     2 |     3 |    10 ||    15
       Potion            |       |       |     6 ||     6
Armor: Skin              |       |     1 |     6 ||     7
Dodge: Dodged            |    14 |    15 |    54 ||    83

Table legend: (Time is in decaauts)
 A = Elapsed time spent in this place.
 B = Non-inter-level travel time spent in this place.
 C = Inter-level travel time spent in this place.
 D = Time resting spent in this place.
 E = Time spent auto-exploring this place.
 F = Levels seen in this place.
 G = Mean time per level.
                   A        B        C        D        E       F      G
               +--------+--------+--------+--------+--------+-----+--------+
         Total |  10360 |   9973 |    387 |    402 |   8373 |   9 | 1151.1 |
       Dungeon |  10122 |   9756 |    366 |    402 |   8180 |   8 | 1265.2 |
        Temple |    237 |    216 |     21 |      0 |    193 |   1 |  237.0 |
               +--------+--------+--------+--------+--------+-----+--------+

Top non-repeatable levels by time:
     D:7: 1834 daAuts
     D:3: 1681 daAuts
     D:2: 1402 daAuts
     D:1: 1340 daAuts
     D:5: 1306 daAuts
     D:6: 1208 daAuts
     D:4: 1187 daAuts
  Temple: 237 daAuts
     D:8: 160 daAuts
